Map: Меха-депо РВ

Players

ИИ 1 (знаток)

  • Race: Terran Terran
  • Spawn Location: 1:00

Doll - Winner!

  • Race: Protoss Protoss
  • Spawn Location: 7:00

VOD

Have the link to the VOD?

Description

Time

  • Played on: Dec. 19, 2020, 4:21 a.m.
  • Length: 8:59
Show
View Real Time Build Order
Export as new Build Order

ИИ 1 (знаток) Terran 

Build Orders:  

Get SALT Encoding   

  12  0:00  SCV  
  13  0:13  SCV  
  14  0:18  Supply Depot  
  14  0:25  SCV  
  15  0:39  SCV  
  16  0:44  Barracks  
  16  0:51  SCV  
  17  1:03  SCV  
  18  1:17  Command Center  
  18  1:34  Marine, Orbital Command  
  18  1:39  Supply Depot  
  19  1:46  Refinery  
  19  1:52  Marine  
  20  1:59  SCV  
  21  2:03  Barracks  
  21  2:09  Refinery  
  21  2:10  Marine  
  21  2:12  SCV  
  23  2:24  SCV  
  23  2:28  Supply Depot, Barracks Tech Lab  
  24  2:38  SCV  
  25  2:46  Marine  
  25  2:49  Marine  
  27  2:51  SCV  
  28  2:58  SCV  
  28  3:03  SCV  
  28  3:04  Reaper  
  31  3:09  Barracks Tech Lab  
  31  3:10  SCV  
  32  3:15  SCV  
  32  3:17  Refinery  
  33  3:22  SCV  
  33  3:26  Marine  
  35  3:27  SCV  
  35  3:28  Factory  
  36  3:35  SCV  
  36  3:37  Marauder  
  36  3:38  Factory  
  39  3:47  Marine  
  40  3:55  Refinery  
  40  4:11  Factory Tech Lab  
  40  4:12  Starport  
  40  4:15  Starport  
  40  4:16  Reaper  
  41  4:22  Factory Tech Lab  
  41  4:29  Siege Tank  
  44  4:36  SCV  
  45  4:40  Supply Depot  
  45  4:41  Widow Mine  
  45  4:45  SCV  
  47  4:48  SCV  
  47  4:51  Starport Tech Lab, Viking  
  50  4:57  SCV  
  51  5:00  Stimpack  
  51  5:02  SCV  
  52  5:07  Combat Shield  
  52  5:09  SCV  
  52  5:11  Banshee  
  52  5:13  Supply Depot  
  52  5:14  SCV  
  57  5:21  SCV  
  57  5:22  Starport Tech Lab, Engineering Bay  
  58  5:28  SCV  
  58  5:33  SCV  
  60  5:39  Marine  
  60  5:41  SCV  
  62  5:45  SCV  
  62  5:48  Terran Infantry Armor Level 1  
  65  5:50  Marauder  
  65  5:51  Supply Depot  
  65  5:53  SCV  
  66  5:57  SCV  
  66  6:00  Marauder  
  69  6:10  SCV  
  70  6:12  SCV  
  70  6:13  Reaper  
  70  6:15  Supply Depot  
  72  6:21  Reaper  
  72  6:22  SCV  
  74  6:26  Concussive Shells  
  74  6:29  Siege Tank  
  77  6:36  SCV  
  77  6:37  SCV  
  77  6:39  Supply Depot  
  81  6:40  Widow Mine  
  81  6:46  Missile Turret  
  81  6:49  Viking  
  81  6:50  Missile Turret  
  81  6:52  Missile Turret  
  83  6:57  Missile Turret  
  83  6:59  Banshee  
  86  7:01  SCV x2  
  86  7:05  Supply Depot  
  88  7:10  Marine  
  88  7:12  Bunker  
  88  7:13  SCV  
  88  7:14  SCV  
  78  7:17  Sensor Tower  
  78  7:19  Raven  
  78  7:20  Marine  
  62  7:28  Hellion  
  61  7:32  Hellion  
  58  7:41  Marine  
  58  7:42  Raven  
  53  7:46  Marauder  
  53  7:49  Hellion  
  48  7:56  Hellion  
  49  7:59  Marine  
  49  8:02  Viking  
  48  8:06  Marine  
  39  8:17  Marine  
  38  8:27  Reaper, Command Center  
Show
View Real Time Build Order
Export as new Build Order

Doll Protoss - Winner!

Build Orders: 1 Gate Expand 

Get SALT Encoding   

  12  0:00  Probe  
  13  0:13  Probe  
  14  0:19  Pylon  
  14  0:25  Probe  
  15  0:38  Gateway  
  15  0:39  Probe (Chrono Boost)  
  16  0:47  Pylon  
  17  0:50  Probe (Chrono Boost)  
  17  0:55  Probe (Chrono Boost)  
  17  1:01  Assimilator  
  18  1:06  Probe (Chrono Boost)  
  19  1:17  Probe (Chrono Boost)  
  20  1:22  Probe (Chrono Boost)  
  21  1:34  Nexus  
  21  1:39  Zealot  
  23  1:42  Probe  
  24  1:50  Assimilator  
  24  1:55  Probe  
  25  2:04  Cybernetics Core  
  25  2:07  Zealot  
  27  2:10  Probe  
  28  2:22  Probe, Pylon  
  29  2:34  Zealot  
  31  2:40  Probe  
  31  2:42  Warp Gate  
  32  2:46  Stargate  
  32  2:47  Probe  
  33  2:53  Probe  
  34  3:03  Probe, Stargate  
  35  3:06  Probe  
  35  3:10  Stalker  
  38  3:16  Probe  
  38  3:19  Probe  
  40  3:25  Void Ray  
  40  3:26  Pylon  
  40  3:30  Probe  
  46  3:34  Probe  
  46  3:40  Stalker  
  48  3:43  Probe  
  48  3:47  Probe  
  50  3:51  Assimilator  
  50  3:53  Assimilator  
  50  3:56  Probe  
  50  4:01  Void Ray, Probe  
  52  4:06  Pylon  
  52  4:09  Probe  
  57  4:14  Probe  
  57  4:17  Stalker  
  60  4:24  Void Ray, Probe, Pylon  
  61  4:27  Probe  
  66  4:35  Pylon  
  66  4:36  Probe  
  67  4:39  Void Ray  
  67  4:41  Probe  
  68  4:49  Probe  
  73  4:53  Probe  
  73  4:55  Stalker  
  76  5:02  Void Ray, Probe  
  76  5:05  Pylon  
  76  5:06  Probe  
  82  5:15  Probe  
  82  5:17  Void Ray  
  82  5:19  Probe  
  84  5:25  Stalker  
  90  5:28  Probe  
  90  5:30  Gateway  
  90  5:33  Probe  
  90  5:35  Pylon  
  92  5:40  Twilight Council  
  92  5:43  Probe, Robotics Facility  
  92  5:48  Void Ray  
  93  5:54  Probe, Pylon  
  99  5:57  Probe  
  99  6:02  Stalker  
  101  6:14  Probe  
  101  6:15  Probe  
  103  6:20  Forge  
  103  6:21  Gateway  
  103  6:22  Pylon  
  103  6:23  Charge, Forge  
  103  6:26  Sentry x2  
  103  6:29  Probe x2  
Tags
 
Add a new tag
Caveats
  • Supply blocks, unpowered buildings, or Contaminate may cause inaccurate times.
  • Supply counts are checked every 10 seconds.